 Dungeon Crawl Stone Soup version 0.26-a0-665-gefeb406119 (webtiles) character file.

Game seed: 13775014944677738750

14033 lunkers the Covert (level 12, 0/115 HPs)
             Began as a Kobold Berserker on Oct 14, 2020.
             Was a High Priest of Trog.
             Slain by a death knight
             ... wielding a +4 vorpal morningstar
              (17 damage)
             ... on level 12 of the Dungeon.
             The game lasted 00:26:40 (15333 turns).

lunkers the Covert (Kobold Berserker)              Turns: 15333, Time: 00:26:40

Health: 0/115      AC:  7    Str: 14    XL:     12   Next: 40%
Magic:  12/12      EV: 24    Int:  9    God:    Trog [*****.]
Gold:   814        SH:  7    Dex: 19    Spells: 11/11 levels left

rFire    + . .     SeeInvis .   b - +3 rapier
rCold    + . .     Faith    .   m - +0 buckler
rNeg     . . .     Spirit   .   Q - +2 robe {rC+ rF+}
rPois    .         Reflect  .   (no helmet)
rElec    .         Harm     .   O - +0 cloak
rCorr    .         Rampage  .   (no gloves)
MR       .....                  p - +1 pair of boots
Stlth    ..........             (no amulet)
HPRegen  0.29/turn              A - ring of flight
MPRegen  0.13/turn              (no ring)

@: berserking (expiring), very quick
A: small, nightstalker 3
a: Berserk, Trog's Hand, Brothers in Arms, Renounce Religion, Evoke Flight


You were on level 12 of the Dungeon.
You worshipped Trog.
Trog was extremely pleased with you.
You visited 1 branch of the dungeon, and saw 12 of its levels.

You collected 814 gold pieces.

Inventory:

Hand Weapons
 a - a +3 dagger of draining
 b - a +3 rapier (weapon)
 l - a +0 vampiric short sword
 L - a +1 short sword of distortion
 P - a +2 scimitar of flaming
Missiles
 c - 3 atropa-tipped darts {=f}
 z - 2 datura-tipped darts {=f}
 G - 2 throwing nets {=f}
 K - 8 curare-tipped darts {=f}
Armour
 m - a +0 buckler (worn)
 p - a +1 pair of boots (worn)
 F - a +1 chain mail of positive energy
 J - a +0 troll leather armour
 N - a +2 leather armour of fire resistance
 O - a +0 cloak (worn)
 Q - a +2 robe of resistance (worn)
Jewellery
 A - a ring of flight (left hand)
Wands
 g - a wand of paralysis (1)
 t - a wand of digging (23)
 y - a wand of acid (20)
 B - a wand of random effects (45)
Scrolls
 d - 2 scrolls of amnesia
 f - 4 scrolls of teleportation
 h - 2 scrolls of enchant armour
 k - a scroll of summoning
 o - a scroll of enchant weapon
 r - 7 scrolls of remove curse
 u - a scroll of magic mapping
 v - a scroll of blinking
 D - 4 scrolls of fog
Potions
 e - 4 potions of mutation
 i - a potion of resistance
 j - 5 potions of stabbing
 n - 3 potions of cancellation
 q - a potion of magic
 s - 2 potions of haste
 w - 2 potions of might
 x - 2 potions of flight
 C - 9 potions of curing
 E - 3 potions of lignification
 H - 2 potions of degeneration {unknown}
 I - 2 potions of ambrosia
 M - 3 potions of heal wounds


   Skills:
 + Level 9.9 Fighting
 - Level 10.0 Short Blades
 - Level 1.5 Armour
 + Level 10.5 Dodging
 + Level 11.9 Stealth
 - Level 5.6 Shields
 + Level 9.2 Evocations


You had 11 spell levels left.
You didn't know any spells.
Your spell library was empty.

Dungeon Overview and Level Annotations

Branches:
Dungeon (12/15)            Temple (0/1) D:7            Lair (0/6) D:11
    Orc (0/2) D:10

Altars:
Cheibriados
Uskayaw
The Shining One

Shops:
D:10 [(


Innate Abilities, Weirdness & Mutations

You are small and have problems with some larger weapons.
You are completely attuned to the shadows.


Message History

The death knight is severely wounded.
Unknown command.
You closely miss the death knight.
The death knight is severely wounded.
You block the death knight's attack.
Unknown command.
You hit the death knight.
The death knight is severely wounded.
The death knight reflects your damage back at you!
* * * LOW HITPOINT WARNING * * *
You puncture the death knight!
The death knight is almost dead.
The death knight reflects your damage back at you!
* * * LOW HITPOINT WARNING * * *
You hit the death knight.
The death knight is almost dead.
The death knight reflects your damage back at you!
* * * LOW HITPOINT WARNING * * *
The death knight hits you with a +4 vorpal morningstar!
You die...

..###(##########
#.# ##..T.p....#
## ##.########.#
#.## #.# ### #p#
#.# #.#
#########.#
#..@p.....#
#.#########
#.######
#......#
######.# #.# #)#
#.# #.#


You could see a death knight (reflects damage).

Vanquished Creatures
  Josephine (D:11)
  Erica (D:11)
  Sonja (D:10)
  3 unseen horrors
  3 ugly things (D:11)
  Joseph (D:10)
  3 trolls
  12 yaks (D:9)
  5 wraiths (D:11)
  A wyvern (D:9)
  Grum (D:8)
  A water moccasin (D:10)
  4 orc warriors
  3 sky beasts
  2 black bears (D:8)
  2 ice beasts
  A phantom (D:7)
  6 ogres
  4 wolves
  5 centaurs
  A big kobold (D:5)
  3 bullfrogs
  Blork the orc (D:6)
  2 scorpions
  13 killer bees
  3 electric eels (D:11)
  2 centaur zombies
  A quasit (D:11)
  A gnoll shaman (D:7)
  2 bullfrog skeletons
  7 hounds
  A jelly (D:10)
  2 bullfrog zombies (D:11)
  6 orc priests
  A centaur skeleton (D:6)
  Jessica (D:2)
  7 iguanas
  6 orc wizards
  8 worker ants
  A bullfrog simulacrum (D:11)
  A hound zombie (D:11)
  3 hound skeletons
  A worker ant zombie (D:8)
  11 gnolls
  15 adders
  A shadow imp (D:7)
  4 white imps
  3 ufetubi
  An ooze (D:4)
  An adder skeleton (D:7)
  3 worms
  5 dart slugs
  5 leopard geckos
  47 orcs
  6 bats
  9 giant cockroaches
  7 goblins
  7 hobgoblins
  10 jackals
  14 kobolds
  5 quokkas
  7 frilled lizards
  A quokka skeleton (D:7)
  3 rats
299 creatures vanquished.

Notes
Turn   | Place    | Note
-------+----------+-------------------------------------------
     0 | D:1      | lunkers the Kobold Berserker began the quest for the Orb.
     0 | D:1      | Reached XP level 1. HP: 14/14 MP: 1/1
   340 | D:1      | Reached XP level 2. HP: 19/19 MP: 2/2
   379 | D:1      | Reached skill level 1 in Stealth
   585 | D:1      | You fall into a shaft and drop 1 floor!
   595 | D:2      | Reached XP level 3. HP: 23/23 MP: 3/3
  1170 | D:2      | Reached skill level 2 in Stealth
  1237 | D:2      | Reached XP level 4. HP: 23/29 MP: 4/4
  1238 | D:2      | Reached skill level 5 in Short Blades
  1761 | D:2      | Noticed Jessica
  1770 | D:2      | Killed Jessica
  1770 | D:2      | Reached XP level 5. HP: 28/33 MP: 5/5
  1969 | D:2      | Reached ** piety under Trog
  2411 | D:3      | Noticed a centaur
  2659 | D:3      | Reached skill level 1 in Shields
  3151 | D:4      | Reached skill level 3 in Stealth
  3151 | D:4      | Reached XP level 6. HP: 38/38 MP: 6/6
  3903 | D:4      | Reached *** piety under Trog
  4015 | D:4      | Reached XP level 7. HP: 21/44 MP: 7/7
  4829 | D:5      | Entered Level 5 of the Dungeon
  4839 | D:5      | Reached skill level 4 in Stealth
  4898 | D:5      | Found a snail-covered altar of Cheibriados.
  5106 | D:5      | Reached skill level 5 in Fighting
  5106 | D:5      | Reached XP level 8. HP: 49/49 MP: 8/8
  5319 | D:5      | Reached skill level 5 in Dodging
  5337 | D:5      | Reached skill level 5 in Stealth
  5860 | D:5      | Reached skill level 1 in Evocations
  6102 | D:6      | Reached **** piety under Trog
  6531 | D:6      | Found a glowing golden altar of the Shining One.
  6604 | D:6      | Noticed Blork the orc
  6614 | D:6      | Killed Blork the orc
  6614 | D:6      | Reached XP level 9. HP: 54/54 MP: 9/9
  7057 | D:7      | Found a staircase to the Ecumenical Temple.
  7245 | D:7      | Reached skill level 6 in Stealth
  8697 | D:8      | Reached skill level 10 in Short Blades
  8714 | D:8      | Reached skill level 7 in Stealth
  8933 | D:8      | Noticed Grum
  8949 | D:8      | Killed Grum
  8949 | D:8      | Reached XP level 10. HP: 59/61 MP: 10/10
  9127 | D:8      | Found a hide-covered altar of Uskayaw.
  9451 | D:9      | Reached skill level 8 in Stealth
  9458 | D:9      | Reached skill level 5 in Evocations
 10374 | D:9      | Reached skill level 9 in Stealth
 10682 | D:9      | Reached skill level 5 in Shields
 10686 | D:9      | Reached XP level 11. HP: 56/68 MP: 11/11
 11378 | D:10     | Entered Level 10 of the Dungeon
 11387 | D:10     | Noticed Sonja
 11391 | D:10     | Killed Sonja
 11808 | D:10     | Killed an unseen horror
 11808 | D:10     | Reached skill level 10 in Stealth
 11940 | D:10     | Found Bagianam's Armour Emporium.
 11940 | D:10     | Found a staircase to the Orcish Mines.
 11940 | D:10     | Found Wokhleih's Weapon Emporium.
 11955 | D:10     | Reached ***** piety under Trog
 12095 | D:10     | Killed an unseen horror
 12487 | D:10     | Noticed Joseph
 12491 | D:10     | Killed Joseph
 12821 | D:11     | Noticed a brown ugly thing
 12839 | D:11     | Killed a brown ugly thing
 13120 | D:11     | HP: 1/69 [something (8)]
 13502 | D:11     | Killed an unseen horror
 13587 | D:11     | Noticed Erica
 13589 | D:11     | Noticed Josephine
 13632 | D:11     | Killed Josephine
 13632 | D:11     | Reached skill level 11 in Stealth
 13639 | D:11     | Reached XP level 12. HP: 47/76 MP: 12/12
 14095 | D:11     | Reached skill level 10 in Dodging
 14486 | D:11     | Killed Erica
 15040 | D:11     | Found a staircase to the Lair.
 15284 | D:12     | Noticed a death knight
 15333 | D:12     | Slain by a death knight

Illustrated notes

Levels and vault maps discovered:
D:1:      dpeg_arrival_another_circle, layout_loops_ring, minivault_23
D:2:      layout_rooms, kennysheep_jessica_study
D:3:      layout_basic, lightli_corner_chamber
D:4:      layout_basic
D:5:      layout_basic, kennysheep_slug_shrine
D:6:      layout_loops_ring, tso_altar, uniq_blork_the_orc
D:7:      layout_rooms, minmay_temple_entry_slanted, serial_co_window_serial,
          co_window_paths_a, co_window_paths_b, co_window_paths_b,
          co_window_paths_a, co_window_paths_a, co_window_of_opportunity_a,
          co_window_of_opportunity_c, co_window_broadway_b,
          co_window_broadway_a, co_window_4corner_b, co_window_paths_d,
          glass_columns_a, glass_columns_b
D:8:      layout_cave_pools, basic_altar, uniq_grum
D:9:      layout_stronghold, minmay_holes
D:10:     layout_cave_pods, orc_david_3, uniq_joseph, uniq_sonja
D:11:     layout_long_grid, erik_lair_island, grunt_ministairs_3,
          hangedman_weighted_door, uniq_josephine, uniq_erica
D:12:     layout_loops_ring, basic_altar, kennysheep_generic_room_10

Skill      XL: |  1  2  3  4  5  6  7  8  9 10 11 12 |
---------------+-------------------------------------+-----
Stealth        | 1 2 3 4 5 7 9 11 | 11.9
Dodging        | 3 4 5 6 8 9 10 | 10.5
Short Blades   | 5 6 7 8 10 | 10.0
Fighting       | 4 5 6 7 9 |  9.9
Shields        | 1 2 3 5 |  5.6
Evocations     | 2 4 6 8 9 |  9.2
Armour         | |  1.5

Action                   |  1- 3 |  4- 6 |  7- 9 | 10-12 || total
-------------------------+-------+-------+-------+-------++-------
Melee: Short sword       |    96 |   258 |   214 |       ||   568
       Dagger            |       |       |   236 |   658 ||   894
       Rapier            |       |       |       |    72 ||    72
Throw: Dart              |       |    26 |     9 |       ||    35
Invok: Berserk           |     1 |     7 |    11 |    10 ||    29
       Trog's Hand       |       |     1 |       |       ||     1
Evoke: Wand              |       |       |       |    10 ||    10
  Use: Scroll            |       |       |    10 |    17 ||    27
 Stab: Sleeping          |    11 |    10 |    28 |    22 ||    71
       Distracted        |       |       |       |     2 ||     2
Armor: Animal skin       |     9 |       |       |       ||     9
       Ring mail         |     6 |    58 |    52 |    78 ||   194
       Leather armour    |       |       |       |    41 ||    41
       Robe              |       |       |       |     2 ||     2
Dodge: Dodged            |    67 |   149 |   166 |   411 ||   793
Block: Buckler           |       |    46 |    65 |   160 ||   271

Table legend: (Time is in decaauts)
 A = Elapsed time spent in this place.
 B = Non-inter-level travel time spent in this place.
 C = Inter-level travel time spent in this place.
 D = Time resting spent in this place.
 E = Time spent auto-exploring this place.
 F = Levels seen in this place.
 G = Mean time per level.
                   A        B        C        D        E       F      G
               +--------+--------+--------+--------+--------+-----+--------+
         Total |  14989 |  14550 |    439 |    951 |  11141 |  12 | 1249.1 |
       Dungeon |  14989 |  14550 |    439 |    951 |  11141 |  12 | 1249.1 |
               +--------+--------+--------+--------+--------+-----+--------+

Top non-repeatable levels by time:
     D:9: 1922 daAuts
    D:11: 1901 daAuts
    D:10: 1788 daAuts
     D:4: 1428 daAuts
     D:7: 1369 daAuts
     D:2: 1288 daAuts
     D:3: 1217 daAuts
     D:5: 1157 daAuts
     D:6: 1061 daAuts
     D:1: 909 daAuts
     D:8: 866 daAuts
    D:12: 79 daAuts
